 Dungeon Crawl Stone Soup version 0.27.1-2-g3b301248ec (webtiles) character file.

Game seed: 1624921457411225483

154 ABBCCCDDDD the Skirmisher (level 5, -6/38 HPs)
             Began as an Octopode Abyssal Knight on Sept 28, 2021.
             Was a Believer of Lugonu.
             Mangled by a black bear (12 damage)
             ... on level 4 of the Dungeon.
             The game lasted 00:03:33 (3456 turns).

ABBCCCDDDD the Skirmisher (Octopode Abyssal Knight) Turns: 3456, Time: 00:03:34

Health: -6/38      AC:  1    Str: 11    XL:     5   Next: 35%
Magic:  6/6        EV: 13    Int: 16    God:    Lugonu [**....]
Gold:   55         SH:  0    Dex: 11    Spells: 4/4 levels left

rFire    . . .     SeeInvis .   h - +0 hand axe (elec)
rCold    . . .     Faith    .   (no shield)
rNeg     . . .     Spirit   .   (helmet restricted)
rPois    .         Reflect  .   (no amulet)
rElec    .         Harm     .   (no ring)
rCorr    .         Rampage  .   (no ring)
Will     .....                  (no ring)
Stlth    +++.......             (no ring)
HPRegen  0.12/turn              (no ring)
MPRegen  0.10/turn              (no ring)
                                (no ring)
                                (no ring)

@: no status effects
A: almost no armour, amphibious, 8 rings, camouflage 1, gelatinous body 1,
(nimble swimmer 1), tentacles
a: Renounce Religion, Depart the Abyss, Bend Space


You were on level 4 of the Dungeon.
You worshipped Lugonu.
Lugonu was pleased with you.
You visited 1 branch of the dungeon, and saw 4 of its levels.
You visited the Abyss 1 time.

You collected 126 gold pieces.
You spent 71 gold pieces at shops.

Inventory:

Hand Weapons
 h - a +0 hand axe of electrocution (weapon)
Wands
 f - a wand of polymorph (9)
 i - a wand of paralysis (7)
Scrolls
 a - a scroll of amnesia {unknown}
 c - 3 scrolls of enchant weapon
 g - 4 scrolls of teleportation
 j - a scroll of enchant armour
 k - a scroll of acquirement {unknown}
 l - a scroll of immolation {unknown}
 o - a scroll of vulnerability {unknown}
Potions
 d - a potion of heal wounds {unknown}
 e - a potion of mutation {unknown}
 m - a potion of attraction {unknown}
 n - a potion of flight {unknown}


   Skills:
 + Level 4.4 Fighting
 + Level 3.8 Axes
 - Level 2.3 Dodging
 + Level 1.3 Stealth
 - Level 2.0 Invocations
 + Level 0.9 Evocations


You had 4 spell levels left.
You didn't know any spells.
Your spell library contained the following spells:

 Spells                   Type           Power      Damage    Failure   Level
 Corona                   Hex            0%         N/A       26%         1
 Ensorcelled Hibernation  Hex/Ice        0%         N/A       36%         2
 Tukima's Dance           Hex            0%         N/A       58%         3


Dungeon Overview and Level Annotations

Branches:
Dungeon (4/15)
 Temple: D:4-7

Altars:
Yredelemnul

Shops:
D:1 ?*


Innate Abilities, Weirdness & Mutations

You cannot wear most types of armour.
You are amphibious.
You can wear up to eight rings at the same time.
Your skin changes colour to match your surroundings (Stealth+).
Your rubbery body absorbs attacks. (AC +1, EV +1)
((You are camouflaged near water. (Stealth+)))
You have tentacles for arms and can constrict up to eight enemies at once.


Message History

Found a scroll labelled TOXEAC FERIN.
a - a scroll labelled TOXEAC FERIN You open the door.
There is an open door here.
Found a basalt altar of Yredelemnul.
A black bear comes into view.
The black bear growls angrily.
A black bear is nearby!
A kobold comes into view. It is wielding a +0 whip.
There is a basalt altar of Yredelemnul here.
You hit the black bear. You grab the black bear.
You squeeze the black bear, but do no damage.
The black bear is lightly wounded.
You constrict the black bear, but do no damage.
The black bear bites you! The black bear claws you. x2
You hit the black bear.
The black bear is lightly wounded.
You constrict the black bear. The black bear barely misses you. x2
The black bear closely misses you.
You hit the black bear but do no damage.
You squeeze the black bear.
The black bear is moderately wounded.
You constrict the black bear. The black bear misses you.
The black bear claws you. The black bear misses you.
You hit the black bear.
The black bear is heavily wounded.
You constrict the black bear. The black bear completely misses you.
The black bear claws you. x2
You hit the black bear but do no damage.
You squeeze the black bear.
The black bear is severely wounded.
You constrict the black bear.
The black bear goes berserk!
You hit the black bear but do no damage.
The black bear is almost dead.
You constrict the black bear. The black bear bites you!
The black bear claws you but does no damage.
The black bear claws you.
* * * LOW HITPOINT WARNING * * *
The black bear bites you!
You die...

.# . # ###. .. +. ...
..#.####.## #........
#.......#
#...#.#.##############
#..Kh@................
#...#.######...#######
#.# #......'.......# #
#.######...#.#.#
.........#.#.#.###
#.#####.##.#.#.#.. ...
#.##.#.#.#.# #.#
#.##...#.#.#
..............


You could see a black bear (berserk) and a kobold.

Levels and vault maps discovered:
D:1:      dpeg_arrival_simpleton_b, layout_rooms,
          shapermc_ecumenical_altar_totnotflames, serial_shops, shop,
          nicolae_shop_behind_doors, shop
D:2:      layout_loops_ring, minmay_heptomino_l4
D:3:      layout_loops_cross, uniq_sigmund
D:4:      layout_basic, lemuel_crystal_altar, serial_shops,
          kennysheep_little_box, serial_bayou_pond_d, minmay_gold_behind_fungi,
          ldierk_geyser

Notes
Turn   | Place    | Note
-------+----------+-------------------------------------------
     0 | Abyss:1  | ABBCCCDDDD the Octopode Abyssal Knight began the quest for
                  | the Orb.
     0 | Abyss:1  | Reached XP level 1. HP: 16/16 MP: 2/2
    76 | Abyss:1  | Noticed an ancient lich
   117 | Abyss:1  | Noticed a small abomination
   124 | D:1      | Escaped the Abyss
   210 | D:1      | Found Qavoz's Distillery.
   217 | D:1      | Reached XP level 2. HP: 18/21 MP: 3/3
   382 | D:1      | Reached * piety under Lugonu
   399 | D:1      | Found Joekh's Assorted Antiques.
   465 | D:1      | Found a faded altar of an unknown god.
   754 | D:1      | Found Otyonin's Magic Scroll Shoppe.
   757 | D:1      | Bought a scroll of identify for 26 gold pieces
   873 | D:2      | Reached XP level 3. HP: 13/26 MP: 4/4
  2189 | D:2      | Reached skill level 4 in Fighting
  2189 | D:2      | Reached XP level 4. HP: 33/33 MP: 5/5
  2652 | D:3      | Noticed Sigmund
  2657 | D:3      | Noticed Sigmund
  2657 | D:3      | Sigmund changed into Sigmund the hobgoblin
  2659 | D:3      | Killed Sigmund the hobgoblin
  2806 | D:3      | Reached ** piety under Lugonu
  2930 | D:3      | Reached XP level 5. HP: 34/38 MP: 6/6
  3260 | D:1      | Bought a fizzy white potion for 21 gold pieces
  3260 | D:1      | Bought a scroll labelled TUESAA CUSKOC for 24 gold pieces
  3393 | D:4      | Reached skill level 1 in Stealth
  3442 | D:4      | Found a basalt altar of Yredelemnul.
  3448 | D:4      | Noticed a black bear
  3456 | D:4      | Mangled by a black bear

Table legend: (Time is in decaauts)
 A = Elapsed time spent in this place.
 B = Non-inter-level travel time spent in this place.
 C = Inter-level travel time spent in this place.
 D = Time resting spent in this place.
 E = Time spent auto-exploring this place.
 F = Levels seen in this place.
 G = Mean time per level.
                   A        B        C        D        E       F      G
               +--------+--------+--------+--------+--------+-----+--------+
         Total |   3475 |   3339 |    136 |    821 |   2024 |   5 |  695.0 |
       Dungeon |   3351 |   3215 |    136 |    821 |   1952 |   4 |  837.8 |
         Abyss |    124 |    124 |      0 |      0 |     72 |   1 |  124.0 |
               +--------+--------+--------+--------+--------+-----+--------+

Top non-repeatable levels by time:
     D:2: 1418 daAuts
     D:1: 987 daAuts
     D:3: 806 daAuts
     D:4: 139 daAuts
 Abyss:1: 124 daAuts

Table legend:
 A = Kills in this place as a percentage of kills in entire the game.
 B = Kills by you in this place as a percentage of kills by you in the entire game.
 C = Kills by friends in this place as a percentage of kills by friends in the entire game.
 D = Other kills in this place as a percentage of other kills in the entire game.
 E = Experience gained in this place as a percentage of experience gained in the entire game.
 F = Experience gained in this place divided by the number of levels of this place that you have seen.
                   A       B       C       D       E      F
               +-------+-------+-------+-------+-------+----------------------
         Total | 100.0 | 100.0 |   N/A |   N/A | 100.0 |  44.0
       Dungeon | 100.0 | 100.0 |   N/A |   N/A | 100.0 |  55.0
               +-------+-------+-------+-------+-------+----------------------

Action                   |  1- 3 |  4- 6 || total
-------------------------+-------+-------++-------
Melee: Hand axe          |    75 |    56 ||   131
       Constrict         |    14 |    10 ||    24
       Tentacles         |     7 |     3 ||    10
Invok: Depart the Abyss  |     1 |       ||     1
Evoke: Wand              |       |     1 ||     1
  Use: Scroll            |     2 |     2 ||     4
 Stab: Sleeping          |     3 |     8 ||    11
Armor: Skin              |     9 |     6 ||    15
Dodge: Dodged            |    51 |    36 ||    87

Vanquished Creatures
  An iguana (D:4)
  An orc wizard (D:2)
  3 adders (D:2)
  A white imp (D:3)
  A worm (D:2)
  2 dart slugs (D:4)
  3 orcs (D:2)
  5 ball pythons
  5 bats
  5 endoplasms
  5 giant cockroaches
  7 hobgoblins
  4 kobolds
  2 quokkas
  4 frilled lizards
  5 goblins
  5 rats
59 creatures vanquished.
